 Dungeon Crawl Stone Soup version 0.32-a0-913-g739538afd8 (webtiles) character file.

Game seed: 17137659679856956417

46 Doorstop00 the Covered (level 3, -6/24 HPs)
             Began as a Gargoyle Fighter on Apr 8, 2024.
             Mangled by a gnoll
             ... wielding a +0 halberd
              (9 damage)
             ... on level 3 of the Dungeon.
             The game lasted 00:04:22 (1305 turns).

Doorstop00 the Covered (Gargoyle Fighter)           Turns: 1305, Time: 00:04:23

Health: -6/24      AC: 10    Str: 21    XL:     3   Next: 68%
Magic:  3/3        EV:  8    Int:  8    God:
Gold:   50         SH:  9    Dex:  9    Spells: 2/2 levels left

rFire   . . .        a - +0 flail
rCold   + . .        c - +0 buckler
rNeg    + . .        b - +0 scale mail
rPois   ∞            (no helmet)
rElec   +            (no cloak)
rCorr   .            (no gloves)
SInv    .            (no boots)
Will    +....        k - amulet of reflection Stlth
                     j - ring of protection from cold
HPRegen 0.24/turn    g - ring of willpower
MPRegen 0.08/turn

%: reflection
@: no status effects
A: sickness immunity, AC +3, negative energy resistance 1, electricity
resistance, torment resistance 1, petrification resistance
a: no special abilities


You were on level 3 of the Dungeon.
You visited 1 branch of the dungeon, and saw 3 of its levels.

You collected 50 gold pieces.

Inventory:

Hand Weapons
 a - a +0 flail (weapon)
Armour
 b - a +0 scale mail (worn)
 c - a +0 buckler (worn)
Jewellery
 g - a ring of willpower (right hand)
 j - a ring of protection from cold (left hand)
 k - an amulet of reflection (around neck)
Wands
 l - a wand of acid (7)
 m - a wand of flame (7)
Scrolls
 e - a scroll of acquirement {unknown}
 h - a scroll of amnesia {unknown}
 n - a scroll of identify
Potions
 d - 2 potions of might
 f - a potion of heal wounds
 i - 2 potions of enlightenment {unknown}


   Skills:
 * Level 3.6 Fighting
 * Level 2.4 Maces & Flails
 * Level 3.8 Armour
 * Level 0.4 Dodging
 * Level 3.7 Shields


You had 2 spell levels left.
You didn't know any spells.
Your spell library was empty.

Dungeon Overview and Level Annotations

Branches:
Dungeon (3/15)

Altars:


Innate Abilities, Weirdness & Mutations

You are immune to sickness and miasma.
Your stone body is resilient. (AC +3)
You are immune to poison.
You resist negative energy. (rN+)
You are resistant to electric shocks. (rElec)
You are resistant to unholy torment.
You are immune to petrification.


Message History

You see here a ring of willpower.
You closely miss the kobold. You block the kobold's attack.
You miss the kobold. The kobold hits you but does no damage.
You hit the kobold.
You kill the kobold!
You see here a +0 short sword.
g - a ring of willpower
h - a scroll labelled JUTUTO HINKEG
g - a ring of willpower (right hand)
Found 2 stones.
n - a scroll of identify You hear the slow rusting of a very distant drain.
A gnoll comes into view. It is wielding a +0 club.
Found a stone staircase leading down.
The gnoll shouts! 2 gnolls come into view.
The gnoll shouts! x2
You block the gnoll's attack.
You sock the gnoll!
The gnoll is heavily wounded.
The gnoll hits you with a +0 club.
The gnoll hits you from afar with a +0 halberd!
You closely miss the gnoll.
The gnoll is heavily wounded.
The gnoll hits you but does no damage. x2; You block the gnoll's attack.
The gnoll hits you from afar with a +0 halberd.
The gnoll closely misses you. The gnoll hits you with a +0 club.
You are too injured to fight recklessly!
You sock the gnoll!
You kill the gnoll!
You block the gnoll's attack. The gnoll hits you but does no damage.
You block the gnoll's attack.
You closely miss the gnoll. The gnoll barely misses you.
You block the gnoll's attack.
You thump the gnoll!
The gnoll is almost dead.
You block the gnoll's attack. x2; The gnoll hits you with a +0 whip.
* * * LOW HITPOINT WARNING * * *
The gnoll hits you with a +0 halberd!
You die...

#..........####
#.............# #
..............# .#
..............#######.#
....#####.............##
.... #...............
.... ##...........## ..
#...(.....>..#.
##......@g......
#.......g....###
#............#
#............#
#............#
#...########## #...#
#####


You could see 2 gnolls.

Vanquished Creatures
  A gnoll (D:3)
  An adder (D:1)
  A ribbon worm (D:2)
  A dart slug (D:1)
  An endoplasm (D:2)
  3 giant cockroaches
  A goblin (D:2)
  A quokka (D:2)
  5 ball pythons
  2 bats (D:2)
  2 frilled lizards
  4 kobolds
  A rat (D:3)
24 creatures vanquished.

Notes
Turn   | Place    | Note
-------+----------+-------------------------------------------
     0 | D:1      | Doorstop00 the Gargoyle Fighter began the quest for the
                  | Orb.
     0 | D:1      | Reached XP level 1. HP: 14/14 MP: 1/1
    44 | D:1      | Found a faded altar of an unknown god.
   697 | D:1      | Reached XP level 2. HP: 19/19 MP: 2/2
   847 | D:2      | Reached XP level 3. HP: 23/23 MP: 3/3
  1305 | D:3      | Mangled by a gnoll

Illustrated notes

Levels and vault maps discovered:
D:1:      dpeg_arrival_fog, layout_basic, hellmonk_ecumenical_altar_crossroads
D:2:      layout_rooms
D:3:      layout_basic, gup_sewer_entry_spiral, uniq_natasha, uniq_ijyb

Action                     || total
---------------------------++-------
  Melee: Flail             ||    92
    Use: Scroll            ||     1
 Armour: Scale mail        ||    91
  Dodge: Dodged            ||    31
  Block: Buckler           ||    51
         Reflection        ||     2

Table legend: (Time is in decaauts)
 A = Elapsed time spent in this place.
 B = Non-inter-level travel time spent in this place.
 C = Inter-level travel time spent in this place.
 D = Time resting spent in this place.
 E = Time spent auto-exploring this place.
 F = Levels seen in this place.
 G = Mean time per level.
                   A        B        C        D        E       F      G
               +--------+--------+--------+--------+--------+-----+--------+
         Total |   1333 |   1302 |     31 |      9 |    973 |   3 |  444.3 |
       Dungeon |   1333 |   1302 |     31 |      9 |    973 |   3 |  444.3 |
               +--------+--------+--------+--------+--------+-----+--------+

Top non-repeatable levels by time:
     D:1: 695 daAuts
     D:2: 570 daAuts
     D:3: 67 daAuts
